AoeStats
← Hitokirivan

Arabia

506276938Analyzed
1v1 RM · 21d ago on Sep 13, 2026· 30m 5s· 2 players
Game mode
Random Map
Map size
Tiny (2 player)
Population
200
Speed
Normal
Resources
Standard
Victory
Conquest
Starting age
Dark Age
Ending age
Imperial Age
RankedLock teamsTeams togetherTeam positionsShared explorationLock speedFull tech treeHidden civsTurbo modeCheats
Victory
Defeat
🇵🇪 Huns · Peru
974
+15
957
-44
\ (•◡•) /√ホ٨
11:03 Feudal Age
9:19 Loom
17:35 Castle Age
21:32 Husbandry
22:09 Bloodlines
26:03 Wheelbarrow
25:27 Light Cavalry
Hitokirivan
5:46 Loom
6:18 Loom
9:20 Feudal Age
10:13 Double-Bit Axe
20:55 Castle Age
19:03 Horse Collar
19:17 Gold Mining
20:17 Bloodlines
20:20 Fletching
23:54 Bodkin Arrow
26:50 Ballistics
26:42 Husbandry
28:22 Wheelbarrow
Connection lost

Rejoining the realm…

Still unreachable

The connection could not be restored.

Session expired

The server has moved on; the page needs a fresh start.